 Zot Defence DCSS version 0.14-a0-2080-ge317583 (webtiles) character file.

203 BluebellGnoll the Skirmisher (level 5, 41/41 (48) HPs)
             Began as a Minotaur Berserker on Jan 24, 2014.
             Was a Believer of Trog.
             Quit the game in the Realm of Zot (Scenario I: Hall of Zot).
             The game lasted 00:09:19 (686 turns).

BluebellGnoll the Skirmisher (Minotaur Berserker)    Turns: 686, Time: 00:09:19

HP  41/41 (48)   AC  2     Str 22 (23) XL: 5   Next: 51%
MP   2/2         EV 12     Int  4      God: Trog [**....]
Gold 0           SH  0     Dex  9      Spells:  0 memorised,  4 levels left

rFire  . . .     SeeInvis .     m - -3,-2 orc dagger (curse)
rCold  . . .     Clarity  .     b - +0 animal skin
rNeg   . . .     Conserve .     (no shield)
rPois  .         rCorr    .     (helmet restricted)
rElec  .         rRot     .     (no cloak)
SustAb . .       Spirit   .     (no gloves)
rMut   .         Warding  .     (no boots)
Saprov . . .     Stasis   .     (no amulet)
MR     .....                    (no ring)
                                (no ring)

@: not resistant to hostile enchantments, very unstealthy
A: retaliatory headbutt, horns 2
a: Make dart trap, Make oklob sapling, Make arrow trap, Make plant, Remove
Curse, Make burning bush, Burn Spellbooks, Berserk, Trog's Hand, Renounce
Religion


You were in the Realm of Zot.
You worshipped Trog.
Trog was pleased with you.
You were not hungry.

You visited 1 branch

Inventory:

Hand weapons
 a - a +0,+0 spear
 l - a -1,-1 short sword
 m - a cursed -3,-2 orcish dagger (weapon)
Missiles
 j - 26 darts (quivered)
 k - 2 exploding darts
Armour
 b - a +0 animal skin (worn)
Comestibles
 d - a bread ration
Scrolls
 i - a scroll of blinking
Potions
 c - 3 potions of curing
 e - a potion of heal wounds
 f - a potion of speed
 g - 2 potions of magic
 h - a potion of berserk rage


   Skills:
 + Level 5.4 Fighting
 + Level 4.9 Polearms
 + Level 1.4 Throwing
 + Level 3.3 Armour
 + Level 3.1 Dodging


You had 4 spell levels left.
You didn't know any spells.

Dungeon Overview and Level Annotations

Branches:
    Zot (1/1)

Altars:


Innate Abilities, Weirdness & Mutations

You reflexively headbutt those who attack you in melee.
You have a pair of horns on your head.


Message History

You step safely past the trap.
There is a dart trap, spattered with blood here.
You step safely past the trap.
There is a dart trap, spattered with blood here.
You step safely past the trap.
There is a dart trap, spattered with blood here.
You see here the Orb of Zot.
Wield which item (- for none, * to show all)? (? for menu, Esc to quit)
It sticks to your hand!
l - a cursed -1,-1 short sword (weapon)
Use which ability? (? or * to list)
You feel as if something is helping you.
You feel weakened.
Wield which item (- for none, * to show all)? (? for menu, Esc to quit)
It sticks to your hand!
m - a cursed -3,-2 orcish dagger (weapon)
You can't unwield your weapon to draw a new one!
Unknown command.
Unknown command.
Are you sure you want to abandon this character and quit the game? (Confirm with "yes".)

▓▓▓▓▓▓▓▓ ▓▓▓▓▓▓▓▓ ....▓▓▓▓
▓▓▓▓.... .......▓▓▓ ▓▓▓.......
.........▓▓ ▓▓.........
..........▓ ▓▓▓▓▓▓▓▓▓ ▓..........
..........▓▓▓.......▓▓▓..........
..........▓▓.........▓▓..........
..........▓...........▓..........
........(.^^^^^.@.^^^^^..........
.........(▓...........▓..........
..........▓▓.........▓▓..........
..........▓▓▓.P...P.▓▓▓..........
..........# ▓▓▓▓▓▓▓▓▓ #..........
.........## ##.........
.......### ###....... ....####
####.... ######### #########


You could see 2 friendly oklob saplings.

Vanquished Creatures
  A worker ant (Zot)
  A scorpion (Zot)
  An adder (Zot)
  2 goblins (Zot)
  A jackal (Zot)
  3 kobolds (Zot)
  4 bats (Zot)
  2 giant cockroaches (Zot)
  A rat (Zot)
16 creatures vanquished.

Vanquished Creatures (collateral kills)
  2 sheep (Zot)
  5 goblins (Zot)
  3 hobgoblins (Zot)
  A jackal (Zot)
  3 bats (Zot)
  A giant newt (Zot)
  3 kobolds (Zot)
  3 rats (Zot)
21 creatures vanquished.

Vanquished Creatures (others)
  A giant cockroach (Zot)
  5 goblins (Zot)
  A hobgoblin (Zot)
  3 kobolds (Zot)
  2 ball pythons (Zot)
  A giant newt (Zot)
  4 rats (Zot)
17 creatures vanquished.

Grand Total: 54 creatures vanquished

Notes
Turn   | Place    | Note
--------------------------------------------------------------
     0 | Zot      | BluebellGnoll, the Minotaur Berserker, began the quest for the Orb.
     0 | Zot      | Reached XP level 1. HP: 19/19 MP: 1/1
   219 | Zot      | Reached XP level 2. HP: 24/27 MP: 1/1
   236 | Zot      | Reached skill level 4 in Fighting
   317 | Zot      | Acquired Trog's second power
   349 | Zot      | Reached XP level 3. HP: 32/34 MP: 2/2
   409 | Zot      | Reached skill level 1 in Throwing
   409 | Zot      | Reached XP level 4. HP: 17/34 MP: 2/2
   446 | Zot      | Reached skill level 5 in Fighting
   539 | Zot      | Reached XP level 5. HP: 25/41 MP: 2/2
   686 | Zot      | Quit the game

Action                   |  1- 3 |  4- 6 || total
-------------------------+-------+-------++-------
Melee: Spear             |    18 |    15 ||    33
Throw: Dart              |    11 |    11 ||    22
Invok: Burn Spellbooks   |     3 |       ||     3
       Berserk           |       |     1 ||     1
 Abil: Make dart trap    |     6 |     4 ||    10
       Make oklob saplin |     1 |     1 ||     2
       Remove Curse      |       |     1 ||     1
